 Dungeon Crawl Stone Soup version 0.22.1-1-ga44c0e56f4 (webtiles) character file.

176 Kaderl the Skirmisher (level 5, -5/42 HPs)
             Began as a Human Fighter on Oct 12, 2018.
             Slain by an ogre
             ... wielding a cursed -3 giant spiked club
              (13 damage)
             ... on level 4 of the Dungeon.
             The game lasted 00:05:32 (2509 turns).

Kaderl the Skirmisher (Human Fighter)               Turns: 2509, Time: 00:05:32

Health: -5/42      AC:  9    Str: 16    XL:     5   Next: 86%
Magic:  5/5        EV:  4    Int:  8    God:
Gold:   214        SH:  9    Dex: 14    Spells: 4/4 levels left

rFire    . . .     SeeInvis .   f - +0 long sword
rCold    . . .     Gourm    .   c - +0 shield
rNeg     . . .     Faith    .   l - +0 chain mail (curse)
rPois    .         Spirit   .   (no helmet)
rElec    .         Reflect  .   (no cloak)
rCorr    .         Harm     .   (no gloves)
MR       .....                  (no boots)
Stlth    ..........             (no amulet)
HPRegen  0.14/turn              (no ring)
MPRegen  0.09/turn              (no ring)

@: no status effects
A: no striking features
a: no special abilities


You were on level 4 of the Dungeon.
You were not hungry.

You visited 1 branch of the dungeon, and saw 4 of its levels.

You collected 214 gold pieces.

Inventory:

Hand Weapons
 f - a +0 long sword (weapon)
Armour
 c - a +0 shield (worn)
 l - a cursed +0 chain mail (worn)
Scrolls
 h - 2 scrolls of teleportation
Potions
 a - a potion of heal wounds {unknown}
 d - 2 potions of might
 e - 3 potions of curing
 g - a potion of haste
 j - a potion of lignification
 k - a potion of berserk rage {unknown}
 n - a potion of cancellation {unknown}
Comestibles
 i - 2 rations


   Skills:
 + Level 4.0 Fighting
 + Level 3.6 Long Blades
 + Level 3.7 Armour
 + Level 0.8 Dodging
 + Level 0.1 Stealth
 + Level 3.4 Shields


You had 4 spell levels left.
You didn't know any spells.
Your spell library was empty.

Dungeon Overview and Level Annotations

Branches:
Dungeon (4/15)
 Temple: D:4-7

Altars:
Zin
The Shining One


Message History

The ogre is lightly wounded.
The ogre hits you with a giant spiked club!!
You hit the ogre.
The ogre is moderately wounded.
The ogre hits you with a giant spiked club.
You hit the ogre.
The ogre is heavily wounded.
The ogre hits you but does no damage.
You hit the ogre.
The ogre is severely wounded.
The ogre hits you with a giant spiked club!
* * * LOW HITPOINT WARNING * * *
You hit the ogre.
The ogre is severely wounded.
The ogre hits you with a giant spiked club.
* * * LOW HITPOINT WARNING * * *
You barely miss the ogre.
The ogre is severely wounded.
The ogre hits you with a giant spiked club!
You die...

###### .....# #####
####.# ###...# ...#.#
###...#.#
##[#.###...###.#
##.#.......# #.# ####
##.#...###.# #.##...#
##.........###..#...#
#.......#.#.#.♣.@O..#
..♣♣P.#.....#♣P♣........
.♣.♣♣.P.♣.♣♣♣.P♣..##.#..
...♣♣..♣...♣♣.....# #
....♣♣♣♣...♣♣♣♣♣P.#
.......♣..P....♣...
##♣♣P...♣♣...P.♣♣###
♣.......♣♣P..#
♣♣♣♣♣♣.....♣♣#


You could see an ogre.

Vanquished Creatures
  A howler monkey (D:4)
  2 adders
  A gnoll (D:4)
  5 oozes
  2 worms
  A leopard gecko (D:3)
  5 orcs (D:4)
  4 bats
  4 giant cockroaches
  14 goblins
  5 hobgoblins
  5 quokkas
  5 frilled lizards
  A jackal zombie (D:4)
  10 kobolds
  14 rats
79 creatures vanquished.

Notes
Turn   | Place    | Note
-------+----------+-------------------------------------------
     0 | D:1      | Kaderl the Human Fighter began the quest for the Orb.
     0 | D:1      | Reached XP level 1. HP: 18/18 MP: 1/1
    96 | D:1      | Reached XP level 2. HP: 16/24 MP: 2/2
   419 | D:1      | Reached XP level 3. HP: 29/29 MP: 3/3
   940 | D:2      | Reached XP level 4. HP: 33/36 MP: 4/4
  1061 | D:2      | Found a glowing golden altar of the Shining One.
  1917 | D:3      | Reached XP level 5. HP: 39/42 MP: 5/5
  2265 | D:4      | Reached skill level 4 in Fighting
  2412 | D:4      | Found a glowing silver altar of Zin.
  2502 | D:4      | Noticed an ogre
  2509 | D:4      | Slain by an ogre

Skill      XL: |  1  2  3  4  5 |
---------------+----------------+-----
Long Blades    | 3 |  3.6
Fighting       | 4 |  4.0
Armour         | |  3.7
Dodging        | |  0.8
Stealth        | |  0.1
Shields        | |  3.4

Action                   |  1- 3 |  4- 6 || total
-------------------------+-------+-------++-------
Melee: Long sword        |   107 |   150 ||   257
  Use: Scroll            |     2 |     6 ||     8
  Eat: Ration            |       |     2 ||     2
Armor: Scale mail        |    55 |    54 ||   109
       Chain mail        |       |     2 ||     2
Dodge: Dodged            |    34 |    39 ||    73
Block: Shield            |    45 |    63 ||   108
       Rpst.: Long sword |    10 |    16 ||    26
